 Dungeon Sprint DCSS version 0.28-a0-1518-gbe868bca14 (webtiles) character file.

Game seed: 15692092149329693400

135 mhtbhm the Skirmisher (level 4, 0/70 HPs)
             Began as a Draconian Berserker on Jan 16, 2022.
             Was a Believer of Trog.
             Slain by a sixfirhy (9 damage)
             ... summoned by a kobold demonologist
             ... in the Dungeon (Sprint III: "The Ten Rune Challenge").
             The game lasted 00:00:39 (451 turns).

mhtbhm the Skirmisher (Draconian Berserker)          Turns: 451, Time: 00:00:40

Health: 0/70       AC:  5    Str: 22    XL:     4   Next: 96%
Magic:  4/4        EV: 13    Int:  7    God:    Trog [**....]
Gold:   22         SH:  5    Dex: 10    Spells: 3/3 levels left

rFire   . . .      SeeInvis .   a - +0 spear
rCold   . . .      Faith    .   (no shield)
rNeg    . . .      Spirit   .   (armour unavailable)
rPois   .          Reflect  +   (helmet restricted)
rElec   .          Harm     .   (no cloak)
rCorr   .          Rampage  .   (no gloves)
Will    .....      NoTele   +   (no boots)
Stlth   ..........              h - amulet of reflection
HPRegen 0.21/turn               (no ring)
MPRegen 0.09/turn               (no ring)

@: berserking, very quick
A: AC +5, unfitting armour, cold-blooded
a: Renounce Religion, Berserk, Trog's Hand


You were in the Dungeon.
You worshipped Trog.
Trog was pleased with you.
You visited 1 branch You collected 22 gold pieces.

Inventory:

Hand Weapons
 a - a +0 spear (weapon)
Jewellery
 h - an amulet of reflection (around neck)
Scrolls
 g - a scroll of blinking
 i - a scroll of holy word {unknown}
 j - a scroll of vulnerability {unknown}
 l - a scroll of torment {unknown}
 m - a scroll of immolation {unknown}
Potions
 b - 3 potions of curing
 c - a potion of heal wounds
 d - a potion of haste
 e - 2 potions of magic
 f - a potion of berserk rage
 k - 2 potions of flight
 n - 6 potions of mutation


   Skills:
 + Level 7.0 Fighting
 + Level 6.6 Polearms
 + Level 5.6 Dodging
 + Level 0.4 Stealth


You had 3 spell levels left.
You didn't know any spells.
Your spell library was empty.

Dungeon Overview and Level Annotations

Branches:
Dungeon (1/1)

Altars:
Kikubaaqudgha
Sif Muna
Vehumet


Innate Abilities, Weirdness & Mutations

Your plain brown scales are hard. (AC +5)
You cannot fit into any form of body armour.
You are cold-blooded and may be slowed by cold attacks.


Message History

You hear a shout!
A kobold demonologist comes into view. It is wielding a +0 dagger.
The wizard casts a spell.
You reach to attack!
You closely miss the wizard.
The wizard is severely wounded.
The kobold demonologist casts a spell.
You hit the wizard but do no damage.
The wizard is severely wounded.
You completely miss the sixfirhy. You block the sixfirhy's attack. x2
The sixfirhy hits you but does no damage.
The wizard mumbles some strange words.
The wizard flickers and vanishes!
Deactivating autopickup; reactivate with Ctrl-A.
You hit the sixfirhy.
Your tail-slap misses the sixfirhy.
The sixfirhy is lightly wounded.
The sixfirhy closely misses you.
You closely miss the sixfirhy. You miss the sixfirhy.
Your tail-slap misses the sixfirhy.
You hear some strange, mumbled words.
You completely miss the sixfirhy. The sixfirhy barely misses you. x2
You hit the sixfirhy but do no damage. The sixfirhy closely misses you.
The sixfirhy hits you! The sixfirhy shocks you!
You block the sixfirhy's attack. Something hits you.
You are too injured to fight recklessly!
You are too injured to fight recklessly!
You are too injured to fight recklessly!
You are too injured to fight recklessly!
You are too injured to fight recklessly!
You are too injured to fight recklessly!
You are too injured to fight recklessly!
You are too injured to fight recklessly!
Unknown command.
A red film seems to cover your vision as you go berserk!
You feel yourself moving faster!
You feel mighty! The sixfirhy misses you. The sixfirhy hits you!
The sixfirhy shocks you!
* * * LOW HITPOINT WARNING * * *
The sixfirhy hits you.
* * * LOW HITPOINT WARNING * * *
The sixfirhy shocks you!
You die...

.#...#### ##.#
.#......#####..#
##.......#..#..#
.##.##...#..#..###+#+###+
.##.###..##'#..#.........
####.##..###...'.⌠.......
##..##.†####...#...######
.†..##.†###....#.⌠.#
#..##...##.....#@..#
..##....#......#3###
.###..##.#.....#K: .# #..
####....#___ ▓▓ ▓▓▓
▓▓▓▓▓▓▓▓▓▓


You could see a kobold demonologist and a sixfirhy (summoned).

Vanquished Creatures
  A scorpion (D)
  A water elemental (D)
  A human (D)
  4 rats (D)
7 creatures vanquished.

Notes
Turn   | Place    | Note
-------+----------+-------------------------------------------
     0 | D        | mhtbhm the Draconian Berserker began the quest for the Orb.
     0 | D        | Reached XP level 1. HP: 19/19 MP: 1/1
    28 | D        | Reached ** piety under Trog
    89 | D        | Noticed a scorpion
   106 | D        | Reached skill level 4 in Fighting
   106 | D        | Reached XP level 2. HP: 26/28 MP: 2/2
   218 | D        | Killed a scorpion
   219 | D        | Reached skill level 6 in Fighting
   219 | D        | Reached skill level 5 in Polearms
   219 | D        | Reached XP level 3. HP: 37/37 MP: 3/3
   219 | D        | Reached XP level 4. HP: 44/44 MP: 4/4
   278 | D        | Noticed a water elemental
   283 | D        | Killed a water elemental
   284 | D        | Reached skill level 7 in Fighting
   284 | D        | Reached skill level 5 in Dodging
   439 | D        | Found a radiant altar of Vehumet.
   439 | D        | Found a shimmering blue altar of Sif Muna.
   439 | D        | Found an ancient bone altar of Kikubaaqudgha.
   439 | D        | Noticed a wizard
   444 | D        | Noticed a sixfirhy
   451 | D        | Slain by a sixfirhy

Illustrated notes

Levels and vault maps discovered:
D:        dungeon_sprint_mu [sprint_mu_entry_cave, sprint_mu_temple_rooms,
          sprint_mu_d1_horrors, sprint_mu_d2_genie, sprint_mu_d3_branching,
          sprint_mu_orc_legion, sprint_mu_elf_gauntlet, sprint_mu_hive_nellie,
          sprint_mu_lair_fedhas, sprint_mu_vaults_butterflies,
          sprint_mu_slime_circle, sprint_mu_shoals_archi,
          sprint_mu_snake_twists, sprint_mu_blade_basic,
          sprint_mu_crypt_chambers, sprint_mu_tomb_spiral,
          sprint_mu_vestibule_basic, sprint_mu_gehenna_hellfire,
          sprint_mu_dis_giant, sprint_mu_tartarus_statrot,
          sprint_mu_cocytus_islands, sprint_mu_zot1]

Skill      XL: |  1  2  3  4 |
---------------+-------------+-----
Dodging        | 3 4 5 |  5.6
Fighting       | 4 6 7 |  7.0
Polearms       | 4 5 6 |  6.6
Stealth        | |  0.4

Action                   |  1- 3 |  4- 6 || total
-------------------------+-------+-------++-------
Melee: Spear             |    23 |    15 ||    38
       Tailslap          |     1 |       ||     1
Invok: Berserk           |     2 |     2 ||     4
 Stab: Sleeping          |     1 |     1 ||     2
Armor: Skin              |     2 |     1 ||     3
Dodge: Dodged            |     3 |     6 ||     9
Block: Other             |     2 |     3 ||     5

Table legend: (Time is in decaauts)
 A = Elapsed time spent in this place.
 B = Non-inter-level travel time spent in this place.
 C = Inter-level travel time spent in this place.
 D = Time resting spent in this place.
 E = Time spent auto-exploring this place.
 F = Levels seen in this place.
 G = Mean time per level.
                   A        B        C        D        E       F      G
               +--------+--------+--------+--------+--------+-----+--------+
         Total |    477 |    477 |      0 |    347 |     20 |   1 |  477.0 |
       Dungeon |    477 |    477 |      0 |    347 |     20 |   1 |  477.0 |
               +--------+--------+--------+--------+--------+-----+--------+

Top non-repeatable levels by time:
       D: 477 daAuts
